 Seeded DCSS version 0.28.0-45-g0d030f2227 (webtiles) character file.

Game seed: 12438630275245706108 (custom seed)

1075 zeratav the Insei (level 8, -11/54 HPs)
             Began as an Octopode Transmuter on Apr 19, 2022.
             Mangled by an ice beast (16 damage)
             ... on level 6 of the Dungeon.
             The game lasted 00:12:04 (6340 turns).

zeratav the Insei (Octopode Transmuter)             Turns: 6340, Time: 00:12:04

Health: -11/54     AC:  2    Str: 10    XL:     8   Next: 29%
Magic:  16/20      EV: 22    Int: 15    God:
Gold:   236        SH:  0    Dex: 19    Spells: 7/11 levels left

rFire   + . .      SeeInvis .     - Unarmed
rCold   x . .      Faith    .   (shield currently unavailable)
rNeg    . . .      Spirit   .   (helmet currently unavailable)
rPois   x          Reflect  .   (no amulet)
rElec   .          Harm     .   a - ring of magical power
rCorr   .          Rampage  .   f - +4 ring of slaying
Will    .....                   m - ring of fire
Stlth   +++.......              (no ring)
HPRegen 0.18/turn               (no ring)
MPRegen 0.17/turn               (no ring)
                                (no ring)
                                (no ring)

@: spider-form (expiring)
A: venomous fangs, almost no armour, (amphibious), 8 rings, tiny, (camouflage
1), (gelatinous body 1), (nimble swimmer 1), (tentacles)
a: End Transformation


You were on level 6 of the Dungeon.
You were a venomous arachnid creature.
You visited 1 branch of the dungeon, and saw 6 of its levels.

You collected 236 gold pieces.


Innate Abilities, Weirdness & Mutations

You are a venomous arachnid creature.
You have poisonous fangs.
You are tiny and dextrous.
Your spellcasting is less reliable in this form.
Your armour is entirely melded.
You are incapable of wielding weapons or throwing items.
You cannot wear most types of armour.
((You are amphibious.))
You can wear up to eight rings at the same time.
((Your skin changes colour to match your surroundings (Stealth+).))
((Your rubbery body absorbs attacks. (AC +1, EV +1)))
((You are camouflaged when in or above water. (Stealth+)))
((You have tentacles for arms and can constrict up to eight enemies at once.))


   Skills:
 + Level 4.1 Fighting
 + Level 4.4 Dodging
 - Level 5.0 Stealth
 * Level 6.6 Unarmed Combat
 - Level 2.0 Spellcasting
 + Level 2.6 Transmutations
 + Level 1.4 Ice Magic


You had 7 spell levels left.
You knew the following spells:

 Your Spells              Type           Power      Damage    Failure   Level
a - Beastly Appendage     Tmut           18%        N/A       21%         1
b - Spider Form           Tmut/Pois      5%         N/A       58%         3

Your spell library contained the following spells:

 Spells                   Type           Power      Damage    Failure   Level
 Wereblood                Tmut           9%         N/A       28%         2
 Foxfire                  Conj/Fire      8%         2x1d4     43%         1
 Conjure Flame            Conj/Fire      2%         6-21      75%         3
 Gell's Gravitas          Tloc           1%         N/A       75%         3
 Inner Flame              Hex/Fire       2%         N/A       75%         3
 Teleport Other           Tloc           1%         N/A       75%         3
 Ice Form                 Ice/Tmut       7%         N/A       85%         4
 Hailstorm                Conj/Ice       3%         3d3       95%         4
 Flame Wave               Conj/Fire      2%         2d4       98%         4
 Dispersal                Tloc           0%         N/A       100%        6
 Simulacrum               Ice/Necr       1%         N/A       100%        6

Inventory:

Jewellery
 a - a ring of magical power (left front leg)
   (You found it on level 1 of the Dungeon)
 f - a +4 ring of slaying (right front leg)
   (You found it on level 2 of the Dungeon)
 m - a ring of fire (on tentacle)
   (You found it on level 3 of the Dungeon)
Scrolls
 b - 5 scrolls of identify {unknown}
 c - a scroll of vulnerability {unknown}
 d - a scroll of blinking {unknown}
 e - a scroll of enchant armour {unknown}
 h - a scroll of immolation {unknown}
 i - a scroll of fog {unknown}
 l - a scroll of enchant weapon {unknown}
 n - 2 scrolls of amnesia {unknown}
 p - 2 scrolls of torment {unknown}
Potions
 g - 2 potions of berserk rage {unknown}
 j - a potion of curing {unknown}
 k - a potion of invisibility {unknown}
 o - a potion of ambrosia {unknown}

Dungeon Overview and Level Annotations

Branches:
Dungeon (6/15)
 Temple: D:4-7

Altars:
Yredelemnul

Shops:
D:1 =   D:2 :

Annotations:
D:2 Terence
D:4 2 transporters, Dillybarz's ghost, amateur FoFi

# #. #.# # ...
.# ####.#####.#
.<.........
.........######.
#..Ys........
#####.######.
#.# #.# #.# #.#
#.# #.# #.#


You could see an ice beast.


Message History

MP[+1]
Your transformation has ended.
You now have 236 gold pieces (gained 14).
You start resting.
MP[+4]
Your mp is fully restored (20).
You start waiting.
Done waiting.
Found an escape hatch in the ceiling.
You open the door.
Found a stone staircase leading down.
(D) Dungeon
Where to? (Enter - D:4 @ (x,y), ? - help)
There is an open door here.
There is a stone staircase leading down here.
You climb downwards.
There is a stone staircase leading up here.
A bullfrog skeleton comes into view.
Casting: Spider Form (dangerous; 36% risk of failure)
Confirm with . or Enter, or press ? or * to list all spells.
You miscast Spider Form.
You are very lightly contaminated with residual magic.
Nothing appears to happen.
MP[-3]
You lost 3 mp, and now have 17/20 mp.
A bullfrog skeleton is nearby!
Casting: Spider Form (dangerous; 36% risk of failure)
Confirm with . or Enter, or press ? or * to list all spells.
You miscast Spider Form.
You feel odd!
You are poisoned.
You feel sick.
HP[-12] MP[-3]
You take 12 damage, and now have 42/54 hp.
MASSIVE DAMAGE!! (PAUSE)
You lost 3 mp, and now have 14/20 mp.
A bullfrog skeleton is nearby!
You feel sick.
HP[-1]
You take 1 damage, and now have 41/54 hp.
The helpless bullfrog skeleton fails to defend itself.
You batter the bullfrog skeleton!! You grab the bullfrog skeleton.
You constrict the bullfrog skeleton. The bullfrog skeleton misses you.
You bludgeon the bullfrog skeleton!
You destroy the bullfrog skeleton!
You feel sick.
HP[-1]
You take 1 damage, and now have 40/54 hp.
You feel sick.
HP[-1] MP[+1]
You take 1 damage, and now have 39/54 hp.
You feel sick.
You are no longer poisoned.
You start resting.
Your magical contamination has completely faded away.
HP[+5] MP[+5]
You regained 5 hp, and now have 44/54 hp.
Your mp is fully restored (20).
You start resting.
HP[+10]
Your hp is fully restored (54).
You start waiting.
Done waiting.
There is a stone staircase leading up here.
An ice beast comes into view.
Found a stone staircase leading up.
Casting: Spider Form (dangerous; 36% risk of failure)
Confirm with . or Enter, or press ? or * to list all spells.
You miscast Spider Form.
You are very lightly contaminated with residual magic.
Nothing appears to happen.
MP[-3]
You lost 3 mp, and now have 17/20 mp.
An ice beast is nearby!
Casting: Spider Form (dangerous; 36% risk of failure)
Confirm with . or Enter, or press ? or * to list all spells.
You turn into a venomous arachnid creature.
MP[-3]
You lost 3 mp, and now have 14/20 mp.
MP[+1]
Your transformation is almost over.
You hit the ice beast but do no damage. The ice beast completely misses you.
You barely miss the ice beast. The ice beast hits you.
The ice beast freezes you!!
You feel a terrible chill!
Your magical contamination has completely faded away.
HP[-23]
You take 23 damage, and now have 31/54 hp.
MASSIVE DAMAGE!! (PAUSE)
You bite the ice beast! The ice beast barely misses you.
You hit the ice beast. The ice beast hits you. The ice beast freezes you!!
You feel a terrible chill!
* * * LOW HITPOINT WARNING * * *
HP[-23]
You take 23 damage, and now have 8/54 hp.
MASSIVE DAMAGE!! (PAUSE)
You bite the ice beast! The ice beast hits you.
* * * LOW HITPOINT WARNING * * *
The ice beast freezes you!
You feel a terrible chill!
You die...

Skill      XL: |  1  2  3  4  5  6  7  8 |
---------------+-------------------------+-----
Stealth        | 1 2 3 4 5 |  5.0
Fighting       | 2 3 4 |  4.1
Unarmed Combat | 4 5 6 |  6.6
Dodging        | 3 4 |  4.4
Ice Magic      | 1 |  1.4
Spellcasting   | |  2.0
Transmutations | |  2.6

Action                   |  1- 3 |  4- 6 |  7- 9 || total
-------------------------+-------+-------+-------++-------
Melee: Unarmed           |    59 |    95 |    99 ||   253
       Kick              |    18 |    11 |     1 ||    30
       Constrict         |    10 |    13 |     4 ||    27
       Tentacles         |     6 |     6 |     6 ||    18
       Punch             |     3 |     2 |       ||     5
 Cast: Beastly Appendage |    17 |    19 |     2 ||    38
       Spider Form       |     1 |     6 |    11 ||    18
 Stab: Sleeping          |     8 |    12 |     9 ||    29
Armor: Skin              |     6 |     6 |     7 ||    19
Dodge: Dodged            |    36 |    62 |    63 ||   161

Levels and vault maps discovered:
D:1:      minmay_arrival_split_and_join, layout_basic,
          hellmonk_ecumenical_altar_arch_garden, nicolae_shop_unique_rings
D:2:      layout_basic, serial_glass, glass_columns_b, glass_columns_c,
          serial_shops, nicolae_diamond_shop, patterned_corridor, uniq_terence,
          uniq_natasha
D:3:      layout_loops_cross, minmay_pentangle
D:4:      layout_cave_pools, lemuel_mausoleum_altar_yredelemnul,
          gammafunk_ghost_stat_death
D:5:      layout_loops_ring, minmay_splitting_lines, serial_bayou_pond_e,
          grunt_ministairs_6
D:6:      layout_loops_ring, minmay_overflow_temple_star_quad, serial_shops,
          shop, uniq_crazy_yiuf_cottage

Notes
Turn   | Place    | Note
-------+----------+-------------------------------------------
     0 | D:1      | zeratav the Octopode Transmuter began the quest for the
                  | Orb.
     0 | D:1      | Reached XP level 1. HP: 13/13 MP: 3/3
     0 | D:1      | magus.rc [v1.9.6]
   295 | D:1      | Found Fetet's One-of-a-Kind Rings.
   322 | D:1      | Reached XP level 2. HP: 18/18 MP: 5/5
   366 | D:1      | Found a faded altar of an unknown god.
   383 | D:1      | Reached skill level 1 in Stealth
   953 | D:2      | Reached XP level 3. HP: 11/23 MP: 6/6
   958 | D:2      | HP: 5/23 [poisoned by an adder]
  1353 | D:2      | Learned a level 3 spell: Spider Form
  1570 | D:2      | You pick up a book of the Tundra and begin reading...
  1570 | D:2      | You add the spells Hailstorm and Simulacrum to your
                  | library.
  1592 | D:2      | Noticed Terence
  1617 | D:2      | Reached skill level 2 in Stealth
  1617 | D:2      | Reached XP level 4. HP: 26/29 MP: 7/7
  1640 | D:2      | Found Mofoxyne's Book Boutique.
  1640 | D:2      | Noticed Natasha
  1648 | D:2      | Killed Natasha
  1649 | D:2      | Reached skill level 2 in Fighting
  1649 | D:2      | Reached skill level 4 in Unarmed Combat
  2300 | D:2      | Noticed Natasha
  2304 | D:2      | Killed Natasha
  2305 | D:2      | Reached XP level 5. HP: 27/34 MP: 8/8
  2697 | D:3      | You pick up a book of Flames and begin reading...
  2697 | D:3      | You add the spells Foxfire, Conjure Flame, Inner Flame and
                  | Flame Wave to your library.
  2883 | D:3      | Reached skill level 3 in Dodging
  2883 | D:3      | Reached skill level 3 in Stealth
  3071 | D:3      | You add the spells Gell's Gravitas, Teleport Other and
                  | Dispersal to your library.
  3364 | D:4      | Reached XP level 6. HP: 15/41 MP: 9/9
  3365 | D:4      | HP: 10/41 [constriction (1)]
  3370 | D:4      | HP: 4/41 [constriction (1)]
  3845 | D:4      | Reached skill level 5 in Unarmed Combat
  3937 | D:4      | Reached skill level 3 in Fighting
  3937 | D:4      | Reached skill level 4 in Stealth
  4001 | D:4      | Found a transporter.
  4126 | D:4      | Reached XP level 7. HP: 43/46 MP: 10/10
  4202 | D:4      | Found a transporter.
  4757 | D:4      | Reached skill level 4 in Dodging
  5057 | D:4      | Reached skill level 5 in Stealth
  5057 | D:4      | Reached skill level 6 in Unarmed Combat
  5063 | D:4      | Found a basalt altar of Yredelemnul.
  5640 | D:4      | Reached XP level 8. HP: 51/54 MP: 11/11
  5651 | D:4      | Reached skill level 4 in Fighting
  5651 | D:4      | Reached skill level 1 in Ice Magic
  5780 | D:4      | Noticed Dillybarz's ghost (amateur FoFi)
  5862 | D:5      | Entered Level 5 of the Dungeon
  6339 | D:6      | HP: 8/54 [ice beast (21)]
  6340 | D:6      | Mangled by an ice beast

Vanquished Creatures
  4 necrophages (D:4)
  A scorpion (D:4)
  A water moccasin skeleton (D:4)
  A wight (D:4)
  2 centaur zombies (D:4)
  A human zombie (D:4)
  A jelly (D:4)
  A hound (D:5)
  An orc priest (D:3)
  A bullfrog skeleton (D:6)
  Natasha (twice) (D:2)
  2 iguanas (D:4)
  3 orc wizards (D:4)
  A mummy (D:4)
  8 adders
  3 adder zombies (D:4)
  A dart slug (D:3)
  10 orcs
  8 bats
  8 endoplasms
  2 giant cockroaches
  6 goblins
  2 hobgoblins
  3 jackals (D:5)
  5 quokkas
  8 ball pythons
  2 frilled lizards (D:2)
  4 kobolds
  A quokka skeleton (D:4)
  6 rats
99 creatures vanquished.

Table legend:
 A = Non-vault XP
 B = Vault XP
 C = Vault XP percentage of total XP
 D = Non-vault monster count
 E = Vault monster count
 F = Vault count percentage of total count
                 A         B        C        D         E       F
            +---------+---------+-------+---------+---------+-------
      Total |     679 |     857 |  55.8 |      73 |      26 |  26.3
            +---------+---------+-------+---------+---------+-------
        D:1 |      27 |       0 |   0.0 |      16 |       0 |   0.0
        D:2 |     116 |      37 |  24.2 |      21 |       1 |   4.5
        D:3 |      69 |      40 |  36.7 |      14 |       9 |  39.1
        D:4 |     428 |     732 |  63.1 |      21 |      12 |  36.4
        D:5 |       0 |      48 | 100.0 |       0 |       4 | 100.0
        D:6 |      39 |       0 |   0.0 |       1 |       0 |   0.0
            +---------+---------+-------+---------+---------+-------

Illustrated notes

Table legend:
 A = Kills in this place as a percentage of kills in entire the game.
 B = Kills by you in this place as a percentage of kills by you in the entire game.
 C = Kills by friends in this place as a percentage of kills by friends in the entire game.
 D = Other kills in this place as a percentage of other kills in the entire game.
 E = Experience gained in this place as a percentage of experience gained in the entire game.
 F = Experience gained in this place divided by the number of levels of this place that you have seen.
                   A       B       C       D       E      F
               +-------+-------+-------+-------+-------+----------------------
         Total | 100.0 | 100.0 |   N/A |   N/A | 100.0 | 256.0
       Dungeon | 100.0 | 100.0 |   N/A |   N/A | 100.0 | 256.0
               +-------+-------+-------+-------+-------+----------------------

Table legend: (Time is in decaauts)
 A = Elapsed time spent in this place.
 B = Non-inter-level travel time spent in this place.
 C = Inter-level travel time spent in this place.
 D = Time resting spent in this place.
 E = Time spent auto-exploring this place.
 F = Levels seen in this place.
 G = Mean time per level.
                   A        B        C        D        E       F      G
               +--------+--------+--------+--------+--------+-----+--------+
         Total |   6320 |   5913 |    407 |   2134 |   2849 |   6 | 1053.3 |
       Dungeon |   6320 |   5913 |    407 |   2134 |   2849 |   6 | 1053.3 |
               +--------+--------+--------+--------+--------+-----+--------+

Top non-repeatable levels by time:
     D:4: 2272 daAuts
     D:2: 1600 daAuts
     D:3: 1091 daAuts
     D:1: 938 daAuts
     D:6: 251 daAuts
     D:5: 165 daAuts
